 Dungeon Crawl Stone Soup version 0.30-b1-2-g02819fbbbe (webtiles) character file.

Game seed: 11144553157284291066

39 infinitevox the Shooter (level 3, -3/26 HPs)
             Began as a Demonspawn Wanderer on May 3, 2023.
             Slain by Sigmund
             ... wielding a +0 scythe
              (9 damage)
             ... on level 2 of the Dungeon.
             The game lasted 00:05:16 (788 turns).

infinitevox the Shooter (Demonspawn Wanderer)        Turns: 788, Time: 00:05:17

Health: -3/26      AC:  3    Str: 11    XL:     3   Next: 26%
Magic:  4/4        EV: 11    Int: 14    God:
Gold:   53         SH:  0    Dex: 14    Spells: 4/4 levels left

rFire   + . .        a - +2 sling
rCold   . . .        (no shield)
rNeg    . . .        d - +0 robe
rPois   .            (no helmet)
rElec   .            (no cloak)
rCorr   .            b - +0 pair of gloves
SInv    .            (no boots)
Will    .....        (no amulet)
Stlth   +            f - ring of protection from fire
HPRegen 0.24/turn    (no ring)
MPRegen 0.18/turn

%: no passive effects
@: confused, flying
A: magic regeneration, demonic magic 1
a: no special abilities


You were on level 2 of the Dungeon.
You visited 1 branch of the dungeon, and saw 2 of its levels.

You collected 53 gold pieces.

Inventory:

Hand Weapons
 a - a +2 sling (weapon)
 k - a +0 rapier
Armour
 b - a +0 pair of gloves (worn)
 d - a +0 robe (worn)
Jewellery
 f - a ring of protection from fire (left hand)
Scrolls
 e - 2 scrolls of enchant armour {unknown}
 g - a scroll of noise {unknown}
 h - a scroll of identify {unknown}
Potions
 c - a potion of lignification
 i - a potion of brilliance


   Skills:
 - Level 1.0 Fighting
 + Level 4.0 Ranged Weapons
 - Level 1.7 Armour
 - Level 1.0 Dodging
 - Level 1.0 Stealth
 - Level 1.0 Spellcasting
 - Level 1.0 Air Magic


You had 4 spell levels left.
You didn't know any spells.
Your spell library contained the following spells:

 Spells                   Type           Power      Damage    Failure   Level
 Static Discharge         Conj/Air       4%         2-3/arc   32%         2
 Cigotuvi's Dreadful Rot  Necr/Pois/Air  2%         N/A       34%         2


Dungeon Overview and Level Annotations

Branches:
Dungeon (2/15)

Altars:

Annotations:
D:2 Sigmund


Innate Abilities, Weirdness & Mutations

You regenerate magic rapidly.
Spells you cast may paralyse adjacent enemies.


Message History

The sling bullet closely misses the quokka.
You shoot a sling bullet. The sling bullet hits the quokka!
You kill the quokka!
You hear some strange, mumbled words.
You are confused.
Okay, then.
Non-targeted confused fire: a) +2 sling
Press: ? - help, Q - select action Dir - look around, f - activate You shoot a sling bullet.
A magic dart appears from out of thin air!
The magic dart hits you!
Non-targeted confused fire: a) +2 sling
Press: ? - help, Q - select action Dir - look around, f - activate You shoot a sling bullet.
Non-targeted confused fire: a) +2 sling
Press: ? - help, Q - select action Dir - look around, f - activate You shoot a sling bullet.
You hear some strange, mumbled words.
You are more confused.
You hear some strange, mumbled words.
You are more confused.
It was a potion of flight.
You feel very buoyant.
You fly up into the air.
You hear some strange, mumbled words.
A puff of flame appears from out of thin air!
The puff of flame hits you. You resist.
* * * LOW HITPOINT WARNING * * *
Non-targeted confused fire: a) +2 sling
Press: ? - help, Q - select action Dir - look around, f - activate You shoot a sling bullet.
Something hits you but does no damage.
Non-targeted confused fire: a) +2 sling
Press: ? - help, Q - select action Dir - look around, f - activate You shoot a sling bullet.
Non-targeted confused fire: a) +2 sling
Press: ? - help, Q - select action Dir - look around, f - activate You shoot a sling bullet.
Something hits you!
You die...

##.###.##...........
#.## ##.#.##.###.##.
##.###.##.##.##
#..#.....##..#
#.#.###..###.# #...#
#..# #.# # #..##
#..###.##.#
#..####.........#
#.......####@####
###.###### #†#
##.#.# #{#
###....#### #.[
............. ...
#.#...#####.# #...
#.##.## #... #.####
#..## #.#


There were no monsters in sight!

Vanquished Creatures
  3 dart slugs (D:1)
  2 ball pythons (D:1)
  4 endoplasms (D:1)
  2 goblins (D:1)
  3 hobgoblins (D:1)
  4 quokkas
  5 bats (D:1)
  2 frilled lizards (D:1)
  6 rats (D:1)
31 creatures vanquished.

Notes
Turn   | Place    | Note
-------+----------+-------------------------------------------
     0 | D:1      | infinitevox the Demonspawn Wanderer began the quest for the
                  | Orb.
     0 | D:1      | infinitevox set off with the following items: a +2 sling, a
                  | +0 pair of gloves, a potion of lignification, a +0 robe;
                  | and the following spells available to memorise: Static
                  | Discharge, Cigotuvi's Dreadful Rot.
     0 | D:1      | Reached XP level 1. HP: 15/15 MP: 2/2
    46 | D:1      | Reached skill level 3 in Ranged Weapons
    74 | D:1      | Gained mutation: Spells you cast may paralyse adjacent
                  | enemies. [demonic ancestry]
    74 | D:1      | Reached XP level 2. HP: 21/21 MP: 3/3
   411 | D:1      | Gained mutation: You regenerate magic rapidly. [demonic
                  | ancestry]
   411 | D:1      | Reached XP level 3. HP: 26/26 MP: 4/4
   559 | D:1      | Reached skill level 4 in Ranged Weapons
   773 | D:2      | Noticed Sigmund
   788 | D:2      | Slain by Sigmund

Illustrated notes

Levels and vault maps discovered:
D:1:      psy_arrival_heroes, layout_basic, serial_bayou_pond_e, hex_medium
D:2:      minmay_chambers_of_twos, layout_loops_corners, serial_shops, shop,
          shapermc_ecumenical_altar_mp_vishouse, uniq_natasha, uniq_sigmund

Skill      XL: |  1  2  3 |
---------------+----------+-----
Ranged Weapons | 3 4 |  4.0
Fighting       | |  1.0
Armour         | |  1.7
Dodging        | |  1.0
Stealth        | |  1.0
Spellcasting   | |  1.0
Air Magic      | |  1.0

Action                     || total
---------------------------++-------
   Fire: Sling             ||    78
    Use: Potion            ||     1
 Armour: Robe              ||     2
  Dodge: Dodged            ||     5
